 Dungeon Crawl Stone Soup version 0.21.1-1-g345015f (webtiles) character file.

336 tidbits the Charmwright (level 6, 5/51 HPs)
             Began as a Gnoll Skald on Feb 10, 2018.
             Was an Initiate of Cheibriados.
             Quit the game on level 5 of the Dungeon.
             The game lasted 00:10:57 (1113 turns).

tidbits the Charmwright (Gnoll Skald)               Turns: 1113, Time: 00:10:58

Health: 5/51       AC:  3    Str: 14    XL:     6   Next: 54%
Magic:  5/14       EV: 20    Int: 18    God:    Cheibriados [......]
Gold:   97         SH:  0    Dex: 21    Spells: 4/15 levels left

rFire    . . .     SeeInvis .   a - +0 hand axe
rCold    . . .     Gourm    .   (no shield)
rNeg     . . .     Faith    +   b - +0 leather armour
rPois    .         Spirit   .   (no helmet)
rElec    .         Reflect  .   (no cloak)
rCorr    .         Harm     .   (no gloves)
MR       .....                  (no boots)
Stlth    +++.......             j - amulet of faith
HPRegen  0.17/turn              (no ring)
MPRegen  0.14/turn              (no ring)

@: agile, quite poisoned (5 -> 2), very slow
A: distributed training, fangs 1, strong nose
a: Bend Time, Renounce Religion


You were on level 5 of the Dungeon.
You worshipped Cheibriados.
Cheibriados was noncommittal.
You were full.

You visited 1 branch of the dungeon, and saw 5 of its levels.

You collected 97 gold pieces.

Inventory:

Hand Weapons
 a - a +0 hand axe (weapon)
 k - a +0 dagger
Missiles
 f - 4 javelins (quivered)
 t - a throwing net {!f}
Armour
 b - a +0 leather armour (worn)
 g - a +0 ring mail
 m - a cursed +0 ring mail
Jewellery
 j - an amulet of faith (around neck)
   (You found it on level 2 of the Dungeon)
 q - an uncursed ring of ice
   (You found it on level 3 of the Dungeon)
Scrolls
 e - a scroll of random uselessness
 h - 3 scrolls of teleportation
 n - a scroll of amnesia
 r - 2 scrolls of remove curse
Potions
 i - a potion of brilliance
 l - 2 potions of magic
 o - 2 potions of flight
 s - a potion of agility
Books
 c - a book of Battle

   Spells                             Type                      Level
   a - Infusion                       Charms                       1
   b - Shroud of Golubria             Charms/Translocation         2
   c - Song of Slaying                Charms                       2
   d - Spectral Weapon                Hexes/Charms                 3
   e - Regeneration                   Charms/Necromancy            3
Comestibles
 d - a ration


   Skills:
 + Level 5.0 Fighting
 + Level 2.0 Short Blades
 + Level 2.0 Long Blades
 + Level 5.0 Axes
 + Level 2.0 Maces & Flails
 + Level 2.0 Polearms
 + Level 2.0 Staves
 + Level 2.0 Slings
 + Level 2.0 Bows
 + Level 2.0 Crossbows
 + Level 2.0 Throwing
 + Level 3.2 Armour
 + Level 5.0 Dodging
 + Level 2.0 Stealth
 + Level 2.0 Shields
 + Level 2.0 Unarmed Combat
 + Level 5.3 Spellcasting
 + Level 1.5 Conjurations
 + Level 1.5 Hexes
 + Level 5.6 Charms
 + Level 1.5 Summonings
 + Level 1.5 Necromancy
 + Level 1.5 Translocations
 + Level 1.5 Transmutations
 + Level 1.5 Fire Magic
 + Level 1.5 Ice Magic
 + Level 1.5 Air Magic
 + Level 1.5 Earth Magic
 + Level 1.5 Poison Magic
 + Level 2.1 Invocations
 + Level 2.0 Evocations


You had 4 spell levels left.
You knew the following spells:

 Your Spells              Type           Power        Failure   Level  Hunger
g - Shroud of Golubria    Chrm/Tloc      ###.......   5%          2    #......
i - Infusion              Chrm           ####         1%          1    None
r - Regeneration          Chrm/Necr      ###.......   11%         3    ##.....
w - Spectral Weapon       Hex/Chrm       ###.....     11%         3    ##.....
y - Song of Slaying       Chrm           ####....     2%          2    #......


Dungeon Overview and Level Annotations

Branches:
Dungeon (5/15)
 Temple: D:4-7

Altars:
Cheibriados
Dithmenos
Okawaru
Ru
Sif Muna
Trog
Uskayaw
Xom


Innate Abilities, Weirdness & Mutations

Your experience applies equally to all skills.
You have very sharp teeth.
Your uncanny sense of smell can sniff out nearby items.


Message History

The howler monkey is almost dead.
You barely miss the leopard gecko. You barely miss the bullfrog skeleton.
Your spectral weapon barely misses the howler monkey.
The howler monkey barely misses you.
Your shroud bends the bullfrog skeleton's attack away.
The leopard gecko barely misses you.
Your shroud bends the howler monkey's attack away.
Your shroud bends the bullfrog skeleton's attack away.
The orc wizard gestures wildly while chanting.
The orc wizard blinks!
The leopard gecko misses you.
You closely miss the howler monkey. Your bite misses the howler monkey.
The howler monkey is almost dead.
You hit the bullfrog skeleton. You closely miss the leopard gecko.
Your shroud begins to fray at the edges.
Your spectral weapon barely misses the howler monkey.
Your shroud bends the bullfrog skeleton's attack away.
The howler monkey misses you. The leopard gecko barely misses you.
The bullfrog skeleton hits you but does no damage.
The howler monkey barely misses you. The leopard gecko closely misses you.
Unknown command.
You barely miss the howler monkey.
The howler monkey is almost dead.
You closely miss the leopard gecko.
You hit the bullfrog skeleton but do no damage.
Your spectral weapon hits the howler monkey.
You kill the howler monkey!
Cheibriados appreciates the change of pace.
The bullfrog skeleton closely misses you.
The centaur wields a shortbow.
The centaur shoots an arrow.
The arrow completely misses you.
The arrow hits the leopard gecko.
The leopard gecko misses you. The bullfrog skeleton misses you.
The leopard gecko misses you. The orc wizard barely misses you.
You hit the orc wizard.
The orc wizard is severely wounded.
You completely miss the bullfrog skeleton.
You barely miss the leopard gecko.
You feel yourself speed up.
Your spectral weapon closely misses the orc wizard.
The bullfrog skeleton closely misses you.
The orc wizard hits you but does no damage.
The leopard gecko bites you but does no damage.
Your shroud bends the bullfrog skeleton's attack away.
The orc wizard hits you but does no damage.
You hit the orc wizard.
You kill the orc wizard!
Cheibriados thoroughly appreciates the change of pace.
Your Fighting skill increases to level 5!
Your Axes skill increases to level 5!
Your Dodging skill increases to level 5!
You hit the bullfrog skeleton. You closely miss the leopard gecko.
The leopard gecko completely misses you.
The bullfrog skeleton hits you but does no damage.
The centaur shoots an arrow.
The arrow barely misses you. The leopard gecko misses you.
The bullfrog skeleton closely misses you.
The centaur shoots an arrow.
The arrow hits you!
* * * LOW HITPOINT WARNING * * *
A hound zombie comes into view.
Okay, then.
Your shroud unravels.
The centaur unwields an uncursed shortbow.
The centaur barely misses you.
The worker ant waves its antennae.
The bullfrog skeleton closely misses you.
Items here: )) [ ††† You hit the centaur but do no damage.
You bite the centaur, but do no damage. You hit the bullfrog skeleton.
The centaur hits you but does no damage.
The bullfrog skeleton misses you. The centaur barely misses you.
You hit the bullfrog skeleton.
You bite the bullfrog skeleton, but do no damage.
The bullfrog skeleton is almost destroyed.
You completely miss the centaur.
Your spectral weapon hits the bullfrog skeleton!
You destroy the bullfrog skeleton!
Cheibriados appreciates the change of pace.
Your Short Blades skill increases to level 2!
Your Long Blades skill increases to level 2!
Your Maces & Flails skill increases to level 2!
Your Polearms skill increases to level 2!
Your Staves skill increases to level 2!
Your Slings skill increases to level 2!
Your Bows skill increases to level 2!
Your Crossbows skill increases to level 2!
Your Throwing skill increases to level 2!
Your Stealth skill increases to level 2!
Your Shields skill increases to level 2!
Your Unarmed Combat skill increases to level 2!
Your Evocations skill increases to level 2!
The centaur closely misses you.
You barely miss the worker ant.
You bite the worker ant, but do no damage.
You hit the centaur.
Your spectral weapon fades away.
The centaur misses you. The worker ant bites you.
* * * LOW HITPOINT WARNING * * *
You are poisoned.
The worker ant poisons you! The centaur completely misses you.
Unknown command.
Okay, then.
Are you sure you want to abandon this character and quit the game? (Confirm with "yes".)

.........>...
.....h.......
##.# #.<...
#..# #.h...
#.# #.....
##(# ####.#
##..# ..
###)<## ..
#.@c## #
#a##.....#
#Zl# .#####
#.## .# .. ##
..) ##.. #.#
..


You could see a centaur, a worker ant, a hound zombie and a leopard gecko.

Vanquished Creatures
  An ogre (D:4)
  A howler monkey (D:5)
  2 orc wizards (D:5)
  A bullfrog skeleton (D:5)
  4 adders
  4 gnolls (D:4)
  A leopard gecko (D:2)
  7 orcs
  A giant cockroach (D:1)
  5 goblins
  5 hobgoblins
  5 jackals
  7 kobolds
  A quokka (D:2)
  3 bats
  A frilled lizard (D:3)
  A rat (D:3)
50 creatures vanquished.

Notes
Turn   | Place    | Note
-------+----------+-------------------------------------------
     0 | D:1      | tidbits the Gnoll Skald began the quest for the Orb.
     0 | D:1      | Reached XP level 1. HP: 20/20 MP: 6/6
    82 | D:2      | Reached XP level 2. HP: 13/26 MP: 0/7
    86 | D:2      | Learned a level 2 spell: Song of Slaying
    89 | D:2      | Learned a level 2 spell: Shroud of Golubria
   279 | D:2      | Reached XP level 3. HP: 25/31 MP: 6/9
   284 | D:2      | Learned a level 3 spell: Regeneration
   288 | D:2      | Learned a level 3 spell: Spectral Weapon
   337 | D:2      | Reached skill level 5 in Spellcasting
   435 | D:2      | Found a sacrificial altar of Ru.
   567 | D:3      | Reached skill level 1 in Invocations
   607 | D:3      | Reached skill level 1 in Short Blades
   607 | D:3      | Reached skill level 1 in Long Blades
   607 | D:3      | Reached skill level 1 in Maces & Flails
   607 | D:3      | Reached skill level 1 in Polearms
   607 | D:3      | Reached skill level 1 in Staves
   607 | D:3      | Reached skill level 1 in Slings
   607 | D:3      | Reached skill level 1 in Bows
   607 | D:3      | Reached skill level 1 in Crossbows
   607 | D:3      | Reached skill level 1 in Throwing
   607 | D:3      | Reached skill level 1 in Stealth
   607 | D:3      | Reached skill level 1 in Shields
   607 | D:3      | Reached skill level 1 in Unarmed Combat
   607 | D:3      | Reached skill level 1 in Evocations
   661 | D:3      | Found a shadowy altar of Dithmenos.
   666 | D:3      | Reached XP level 4. HP: 33/38 MP: 8/11
   836 | D:4      | Found an iron altar of Okawaru.
   842 | D:4      | Noticed an ogre
   850 | D:4      | Killed an ogre
   850 | D:4      | Reached skill level 1 in Conjurations
   850 | D:4      | Reached skill level 1 in Hexes
   850 | D:4      | Reached skill level 1 in Summonings
   850 | D:4      | Reached skill level 1 in Necromancy
   850 | D:4      | Reached skill level 1 in Translocations
   850 | D:4      | Reached skill level 1 in Transmutations
   850 | D:4      | Reached skill level 1 in Fire Magic
   850 | D:4      | Reached skill level 1 in Ice Magic
   850 | D:4      | Reached skill level 1 in Air Magic
   850 | D:4      | Reached skill level 1 in Earth Magic
   850 | D:4      | Reached skill level 1 in Poison Magic
   850 | D:4      | Reached XP level 5. HP: 25/43 MP: 5/12
   888 | D:4      | Found a hide-covered altar of Uskayaw.
   889 | D:4      | Found a bloodstained altar of Trog.
   899 | D:4      | Found a shimmering altar of Xom.
   905 | D:5      | Entered Level 5 of the Dungeon
   905 | D:5      | Noticed a centaur
   917 | D:4      | Found a snail-covered altar of Cheibriados.
   921 | D:4      | Became a worshipper of Cheibriados the Contemplative
   963 | D:4      | Reached skill level 3 in Armour
  1041 | D:4      | Found a deep blue altar of Sif Muna.
  1080 | D:5      | Reached skill level 2 in Invocations
  1080 | D:5      | Reached XP level 6. HP: 34/50 MP: 7/13
  1108 | D:5      | Reached skill level 5 in Fighting
  1108 | D:5      | Reached skill level 5 in Axes
  1108 | D:5      | Reached skill level 5 in Dodging
  1111 | D:5      | Reached skill level 2 in Short Blades
  1111 | D:5      | Reached skill level 2 in Long Blades
  1111 | D:5      | Reached skill level 2 in Maces & Flails
  1111 | D:5      | Reached skill level 2 in Polearms
  1111 | D:5      | Reached skill level 2 in Staves
  1111 | D:5      | Reached skill level 2 in Slings
  1111 | D:5      | Reached skill level 2 in Bows
  1111 | D:5      | Reached skill level 2 in Crossbows
  1111 | D:5      | Reached skill level 2 in Throwing
  1111 | D:5      | Reached skill level 2 in Stealth
  1111 | D:5      | Reached skill level 2 in Shields
  1111 | D:5      | Reached skill level 2 in Unarmed Combat
  1111 | D:5      | Reached skill level 2 in Evocations
  1112 | D:5      | HP: 5/51 [worker ant (2)]
  1113 | D:5      | Quit the game

Skill      XL: |  1  2  3  4  5  6 |
---------------+-------------------+-----
Spellcasting   | 5 |  5.3
Invocations    | 1 2 |  2.1
Short Blades   | 1 2 |  2.0
Long Blades    | 1 2 |  2.0
Maces & Flails | 1 2 |  2.0
Polearms       | 1 2 |  2.0
Staves         | 1 2 |  2.0
Slings         | 1 2 |  2.0
Bows           | 1 2 |  2.0
Crossbows      | 1 2 |  2.0
Throwing       | 1 2 |  2.0
Stealth        | 1 2 |  2.0
Shields        | 1 2 |  2.0
Unarmed Combat | 1 2 |  2.0
Evocations     | 1 2 |  2.0
Conjurations   | 1 |  1.5
Hexes          | 1 |  1.5
Summonings     | 1 |  1.5
Necromancy     | 1 |  1.5
Translocations | 1 |  1.5
Transmutations | 1 |  1.5
Fire Magic     | 1 |  1.5
Ice Magic      | 1 |  1.5
Air Magic      | 1 |  1.5
Earth Magic    | 1 |  1.5
Poison Magic   | 1 |  1.5
Armour         | 3 |  3.2
Fighting       | 5 |  5.0
Axes           | 5 |  5.0
Dodging        | 5 |  5.0
Charms         | |  5.6

Action                   |  1- 3 |  4- 6 || total
-------------------------+-------+-------++-------
Melee: Hand axe          |    78 |    57 ||   135
       Bite              |     6 |     7 ||    13
       Punch             |       |     2 ||     2
Throw: Javelin           |     1 |       ||     1
 Cast: Infusion          |    10 |       ||    10
       Spectral Weapon   |     4 |     9 ||    13
       Shroud of Golubri |     1 |     3 ||     4
       Regeneration      |       |     2 ||     2
  Use: Scroll            |     5 |     6 ||    11
       Potion            |       |     2 ||     2
 Stab: Sleeping          |       |     1 ||     1
       Distracted        |       |     1 ||     1
  Eat: Ration            |     1 |     1 ||     2
Armor: Leather armour    |    14 |    16 ||    30
Dodge: Dodged            |    52 |    92 ||   144

Table legend:
 A = Turns spent in this place as a percentage of turns spent in the entire game.
 B = Non-inter-level travel turns spent in this place as a percentage of non-inter-level travel turns spent in the entire game.
 C = Inter-level travel turns spent in this place as a percentage of turns spent in this place.
 D = Turns resting spent in this place as a percentage of non-inter-level travel turns spent in this place.
 E = Turns spent auto-exploring this place as a percentage of non-inter-level travel turns spent in this place.
 F = Non-inter-level travel turns spent in this place divided by the number of levels of this place that you've seen.
                   A       B       C       D       E      F
               +-------+-------+-------+-------+-------+----------------------
         Total | 100.0 | 100.0 |   0.0 |   0.0 |   0.0 | 222.6
       Dungeon | 100.0 | 100.0 |   0.0 |   0.0 |   0.0 | 222.6
               +-------+-------+-------+-------+-------+----------------------

Table legend:
 A = Kills in this place as a percentage of kills in entire the game.
 B = Kills by you in this place as a percentage of kills by you in the entire game.
 C = Kills by friends in this place as a percentage of kills by friends in the entire game.
 D = Other kills in this place as a percentage of other kills in the entire game.
 E = Experience gained in this place as a percentage of experience gained in the entire game.
 F = Experience gained in this place divided by the number of levels of this place that you have seen.
                   A       B       C       D       E      F
               +-------+-------+-------+-------+-------+----------------------
         Total | 100.0 | 100.0 |   N/A |   N/A | 100.0 |  96.2
       Dungeon | 100.0 | 100.0 |   N/A |   N/A | 100.0 |  96.2
               +-------+-------+-------+-------+-------+----------------------

Vault maps used:
D:1:      ncdulo_smallfort, minivault_19
D:2:      marbit_many_paths
D:3:      makhleb_heckhound_becter, nicolae_overflow_crystal_walls,
          first_ration, lightli_corner_chamber
D:4:      lemuel_doored_altar, nicolae_overflow_hidden_temple,
          okawaru_ov_weapons_minmay, nicolae_overflow_quartered_altars
D:5:      serial_shops, shop, dk_rats_in_the_wall
